 Dungeon Crawl Stone Soup version 0.21-a0-513-gdcb3f5e (webtiles) character file.

9170 Gildeon the Severer (level 11, -12/89 HPs)
             Began as a Minotaur Fighter on Dec 2, 2017.
             Was a Priest of Trog.
             Mangled by a two-headed ogre
             ... wielding a +0 dire flail
              (18 damage)
             ... on level 9 of the Dungeon.
             The game lasted 00:44:02 (8798 turns).

Gildeon the Severer (Minotaur Fighter)              Turns: 8798, Time: 00:44:03

Health: -12/89     AC: 19    Str: 24    XL:     11   Next: 19%
Magic:  10/10      EV:  7    Int:  6    God:    Trog [***...]
Gold:   397        SH: 16    Dex: 12    Spells: 10/10 levels left

rFire    . . .     SeeInvis .   a - +1 war axe
rCold    . . .     Gourm    .   c - +0 shield
rNeg     . . .     Faith    .   u - +1 plate armour
rPois    +         Spirit   .   A - +1 hat
rElec    .         Reflect  +   p - +2 cloak {rPois}
rCorr    +         Harm     .   w - +0 pair of gloves
MR       +....     Rnd*Tele +   (no boots)
Stlth    ..........             g - +6 amulet of reflection
HPRegen  0.24/turn              C - +3 ring of strength
MPRegen  0.12/turn              b - ring of resist corrosion

@: no status effects
A: retaliatory headbutt, hooves 1, horns 2, blink, magic resistance 1,
teleportitis 1
a: Blink, Berserk, Trog's Hand, Burn Spellbooks, Renounce Religion


You were on level 9 of the Dungeon.
You worshipped Trog.
Trog was most pleased with you.
You were not hungry.

You visited 2 branches of the dungeon, and saw 10 of its levels.

You collected 562 gold pieces.
You spent 165 gold pieces at shops.

Inventory:

Hand Weapons
 a - a +1 war axe (weapon)
 r - a +0 flail of protection
Armour
 c - a +0 shield (worn)
 p - a +2 cloak of poison resistance (worn)
 u - a +1 plate armour (worn)
 w - a +0 pair of gloves (worn)
 A - a +1 hat (worn)
Jewellery
 b - a ring of resist corrosion (right hand)
 g - a +6 amulet of reflection (around neck)
 C - a +3 ring of strength (left hand)
 E - an uncursed ring of protection from fire
Wands
 l - a wand of random effects (15)
 n - a wand of polymorph (15)
 q - a wand of disintegration (10)
 B - a wand of paralysis (28)
Scrolls
 s - a scroll of teleportation
 y - a scroll of identify
Potions
 d - a potion of flight {unknown}
 j - a potion of resistance
 k - 2 potions of cancellation
 o - 3 potions of curing
 x - a potion of brilliance {unknown}
 z - 5 potions of degeneration {unknown}
Comestibles
 f - 3 chunks of flesh
 h - 10 royal jellies
 i - 3 meat rations
 m - 9 fruits


   Skills:
 - Level 5.6 Fighting
 - Level 16.4 Axes
 + Level 4.9 Throwing
 - Level 5.6 Armour
 - Level 6.0 Dodging
 - Level 5.0 Shields


You had 10 spell levels left.
You didn't know any spells.

Dungeon Overview and Level Annotations

Branches:
Dungeon (9/15)             Temple (1/1) D:4            Lair (0/6) D:9
    Orc: D:9-12

Altars:
Ashenzari
Cheibriados
Dithmenos
Elyvilon
Fedhas
Gozag
Hepliaklqana
Kikubaaqudgha
Nemelex Xobeh
Okawaru
Qazlal
Ru
Sif Muna
Trog
Uskayaw
Wu Jian
Xom
Yredelemnul
Zin
The Shining One

Shops:
D:6 ?   D:8 (


Innate Abilities, Weirdness & Mutations

You reflexively headbutt those who attack you in melee.
You have a pair of horns on your head.
You have large cloven feet.
You can translocate small distances at will.
You are resistant to hostile enchantments. (MR+)
You are occasionally teleported next to monsters.


Message History

You block something's attack.
You hit something. You kick something.
The gnoll sergeant hits you but does no damage.
Your shield and plate armour prevent you from hitting something.
You kick something. You headbutt something. Something hits you!
Something hits you. You block the gnoll sergeant's attack.
You closely miss something. You kick something. Something hits you!!
* * * LOW HITPOINT WARNING * * *
You block something's attack.
The gnoll sergeant hits you from afar with a spear!
* * * LOW HITPOINT WARNING * * *
You feel much better. You block something's attack. Something hits you!
* * * LOW HITPOINT WARNING * * *
You block the gnoll sergeant's attack.
Your shield and plate armour prevent you from hitting something.
You hit something but do no damage. Your headbutt misses something.
Something hits you.
* * * LOW HITPOINT WARNING * * *
Something hits you!!
You die...

#.≈..
#
#...≈.
##
.≈((≈
#.
#..≈.
##
.).#
##..#
#g≈#
##)#
###@.#
#...##
#÷#.#
#.#$#
#.#.#
#.#..
#.##.
#..#..
##.##.


You could see a gnoll sergeant.

Vanquished Creatures
  2 two-headed ogres (D:9)
  A wizard (D:9)
  An elephant (D:9)
  A queen bee (D:8)
  A troll (D:9)
  A hornet (D:9)
  3 hippogriffs
  A wyvern (D:8)
  6 yaks
  A basilisk (D:9)
  A steam dragon (D:9)
  Eustachio (D:4)
  Edmund (D:6)
  4 sky beasts
  3 ogres
  A phantom (D:8)
  2 ice beasts (D:9)
  4 necrophages
  2 centaurs (D:6)
  A crocodile (D:9)
  2 bullfrogs
  Blork the orc (D:4)
  2 gnoll sergeants
  2 scorpions
  29 killer bees
  2 crimson imps
  A bullfrog zombie (D:5)
  A quasit (D:8)
  6 orc priests
  4 hounds
  Crazy Yiuf (D:3)
  2 centaur skeletons
  A bullfrog skeleton (D:6)
  A jelly (D:9)
  5 orc wizards
  Ijyb (D:5)
  3 worker ants
  A howler monkey skeleton (D:6)
  11 adders
  8 gnolls
  A shadow imp (D:7)
  An adder zombie (D:6)
  6 worms
  A dart slug (D:1)
  A leopard gecko (D:8)
  22 orcs
  4 bats
  5 giant cockroaches
  4 goblins
  6 hobgoblins
  3 jackals (D:1)
  3 quokkas
  3 frilled lizards
  2 jackal zombies
  7 kobolds
  A quokka skeleton (D:4)
  5 rats
  A bush (D:6)
198 creatures vanquished.

Vanquished Creatures (others)
  2 centaurs
  An orc (D:6)
3 creatures vanquished.

Grand Total: 201 creatures vanquished

Notes
Turn   | Place    | Note
-------+----------+-------------------------------------------
     0 | D:1      | Gildeon the Minotaur Fighter began the quest for the Orb.
     0 | D:1      | Reached XP level 1. HP: 19/19 MP: 0/0
   334 | D:1      | Reached skill level 3 in Axes
   391 | D:1      | Reached XP level 2. HP: 12/26 MP: 1/1
  1068 | D:2      | Reached skill level 4 in Axes
  1092 | D:2      | Found a faded altar of an unknown god.
  1401 | D:2      | Reached XP level 3. HP: 21/31 MP: 2/2
  2042 | D:3      | Reached skill level 5 in Axes
  2117 | D:3      | Reached XP level 4. HP: 35/39 MP: 3/3
  2197 | D:3      | Found a runed door.
  2201 | D:3      | Noticed Crazy Yiuf
  2206 | D:3      | Killed Crazy Yiuf
  2613 | D:3      | Reached skill level 6 in Axes
  2616 | D:3      | Found a shattered altar of Ashenzari.
  2625 | D:3      | Found a deep blue altar of Sif Muna.
  2895 | D:4      | Noticed a sky beast
  2901 | D:4      | Reached XP level 5. HP: 37/45 MP: 4/4
  2910 | D:4      | Killed a sky beast
  2910 | D:4      | Reached skill level 7 in Axes
  2920 | D:4      | Gained mutation: You have large cloven feet. [mutagenic meat]
  2921 | D:4      | Gained mutation: Your system is resistant to poisons. (rPois) [mutagenic meat]
  2922 | D:4      | Lost mutation: Your system is resistant to poisons. (rPois) [mutagenic meat]
  2947 | D:4      | Reached XP level 6. HP: 29/51 MP: 5/5
  3198 | D:4      | Reached skill level 8 in Axes
  3315 | D:4      | Noticed Blork the orc
  3324 | D:4      | Killed Blork the orc
  3592 | D:4      | Found a shimmering altar of Xom.
  3662 | D:4      | Found a staircase to the Ecumenical Temple.
  3662 | D:4      | Noticed Eustachio
  3714 | D:4      | Killed Eustachio
  3714 | D:4      | Reached skill level 9 in Axes
  3714 | D:4      | Reached XP level 7. HP: 19/57 MP: 6/6
  3912 | Temple   | Entered the Ecumenical Temple
  4077 | D:5      | Entered Level 5 of the Dungeon
  4100 | D:5      | Found a glowing silver altar of Zin.
  4111 | D:5      | Noticed Ijyb
  4174 | D:5      | Killed Ijyb
  4199 | D:5      | Reached skill level 10 in Axes
  4386 | D:5      | Got a scorched leather armour
  4490 | D:5      | Identified the +1 leather armour "Ibusankosm" {*Drain MP+9 SInv} (You found it on level 5 of the Dungeon)
  4503 | D:5      | Found a sparkling altar of Nemelex Xobeh.
  4512 | D:5      | Found a stormy altar of Qazlal.
  4782 | D:5      | Found a bloodstained altar of Trog.
  4795 | D:5      | Became a worshipper of Trog the Wrathful
  4849 | D:5      | Found a hazy altar of Hepliaklqana.
  4910 | D:5      | Found an iron altar of Okawaru.
  5152 | D:6      | Noticed Edmund
  5157 | D:6      | Killed Edmund
  5157 | D:6      | Reached skill level 5 in Fighting
  5157 | D:6      | Reached XP level 8. HP: 70/70 MP: 7/7
  5300 | D:6      | Reached skill level 5 in Armour
  5343 | D:6      | Found Ubill's Magic Scroll Boutique.
  5344 | D:6      | Found an opulent altar of Gozag.
  5375 | D:6      | Bought a scroll of identify for 20 gold pieces
  5375 | D:6      | Bought a scroll of identify for 20 gold pieces
  5375 | D:6      | Bought a scroll of identify for 20 gold pieces
  5375 | D:6      | Bought a scroll of remove curse for 30 gold pieces
  5375 | D:6      | Bought a scroll of enchant armour for 75 gold pieces
  5476 | D:6      | Found a sacrificial altar of Ru.
  5580 | D:6      | Reached * piety under Trog
  5874 | D:6      | Reached skill level 5 in Dodging
  6150 | D:7      | Reached XP level 9. HP: 70/75 MP: 8/8
  6365 | D:7      | Reached skill level 5 in Shields
  6428 | D:7      | Reached skill level 11 in Axes
  6713 | D:7      | Gained mutation: You are occasionally teleported next to monsters. [mutagenic meat]
  6714 | D:7      | Gained mutation: You can translocate small distances at will. [mutagenic meat]
  6715 | D:7      | Gained mutation: You are resistant to hostile enchantments. (MR+) [mutagenic meat]
  6937 | D:8      | Noticed a queen bee
  6938 | D:8      | Reached skill level 12 in Axes
  6960 | D:8      | Killed a queen bee
  6973 | D:8      | Reached skill level 13 in Axes
  6992 | D:8      | Reached ** piety under Trog
  7372 | D:8      | Reached XP level 10. HP: 83/83 MP: 9/9
  7482 | D:8      | Reached skill level 14 in Axes
  7486 | D:8      | Found a hide-covered altar of Uskayaw.
  7645 | D:8      | Got a polished scale mail
  7656 | D:8      | Identified the +6 scale mail of the Dropbear {*Corrode rF+++ Str+3} (You found it on level 8 of the Dungeon)
  7802 | D:8      | Found Xytattiest's Weapon Emporium.
  8131 | D:9      | Reached skill level 15 in Axes
  8264 | D:9      | Noticed an elephant
  8277 | D:9      | Killed an elephant
  8450 | D:9      | Found a staircase to the Lair.
  8561 | D:9      | Noticed a two-headed ogre
  8572 | D:9      | Killed a two-headed ogre
  8572 | D:9      | Reached skill level 16 in Axes
  8685 | D:9      | Reached skill level 1 in Throwing
  8694 | D:9      | Noticed a two-headed ogre
  8711 | D:9      | Killed a two-headed ogre
  8711 | D:9      | Reached *** piety under Trog
  8711 | D:9      | Reached XP level 11. HP: 65/89 MP: 10/10
  8743 | D:9      | Noticed a wizard
  8763 | D:9      | Killed a wizard
  8769 | D:9      | Noticed a two-headed ogre
  8795 | D:9      | HP: 2/89 [gnoll sergeant/spear (8)]
  8798 | D:9      | Mangled by a two-headed ogre

Vault maps used:
D:1:      scummos_arrival_gate, st_stairs_2, minmay_strange_pillars
D:2:      chequers_ecumenical_altar_island, serial_bayou_lagoon_a
D:3:      amethyst_overflow_temple_binary, serial_park_tiny_1,
          uniq_crazy_yiuf_cottage
D:4:      tgw_xom, temple_fountains, uniq_eustachio, uniq_blork_the_orc
D:5:      bloody_trog, marbit_many_paths, lemuel_doored_altar, zin_academy,
          kennysheep_okawaru_gauntlet, kennysheep_mini_moat, first_bread,
          grunt_ministairs_15, uniq_ijyb
D:6:      nicolae_ru_awakened_eye, serial_shops, shop_fountains,
          kb_lookout_dungeons_type, grunt_gozag_breadcrumbs, uniq_edmund
D:8:      eat_drink_and_be_merry_uskayaw, serial_shops, shop, david_nohive_1
D:9:      grunt_temple_overflow_lords_of_destruction, david_lair_generic,
          nzn_random_ring
Temple:   nicolae_temple_figure_zero

Skill      XL: |  1  2  3  4  5  6  7  8  9 10 11 |
---------------+----------------------------------+-----
Axes           | 3 4 5 6 7 9 10 13 16 | 16.4
Fighting       | 5 |  5.6
Armour         | 5 |  5.6
Dodging        | 6 |  6.0
Shields        | 4 5 |  5.0
Throwing       | 3 4 |  4.9

Action                   |  1- 3 |  4- 6 |  7- 9 | 10-12 || total
-------------------------+-------+-------+-------+-------++-------
Melee: War axe           |    91 |   115 |   283 |   175 ||   664
       Headbutt          |    11 |    20 |    54 |    37 ||   122
       Kick              |       |    21 |    65 |    60 ||   146
       Unarmed           |       |       |     5 |       ||     5
Throw: Javelin           |       |     6 |    27 |       ||    33
       Tomahawk          |       |       |    40 |    52 ||    92
       Throwing net      |       |       |       |     1 ||     1
Invok: Burn Spellbooks   |       |       |     1 |       ||     1
Evoke: Wand              |       |       |       |    17 ||    17
  Use: Scroll            |     5 |     5 |    14 |       ||    24
       Potion            |       |       |     3 |     1 ||     4
  Eat: Bread ration      |     1 |       |     3 |     1 ||     5
       Chunk             |       |     7 |     6 |       ||    13
Armor: Scale mail        |    30 |    25 |       |       ||    55
       Chain mail        |       |    18 |    67 |       ||    85
       Plate armour      |       |       |    44 |    56 ||   100
Dodge: Dodged            |    28 |    22 |    45 |    32 ||   127
Block: Shield            |    39 |    75 |   268 |   127 ||   509
       Reflection        |       |       |    10 |     3 ||    13

Table legend:
 A = Spawn XP
 B = Non-spawn XP
 C = Spawn XP percentage of total XP
 D = Spawn monster count
 E = Non-spawn monster count
 F = Spawn count percentage of total count
 G = Total turns spent on level
                    A         B        C        D         E        F      G
               +---------+---------+-------+---------+---------+-------+---------
         Total |       0 |   13101 |   0.0 |       0 |     200 |   0.0 |  8798
               +---------+---------+-------+---------+---------+-------+---------
           D:1 |       0 |      27 |   0.0 |       0 |      15 |   0.0 |  1051
           D:2 |       0 |      38 |   0.0 |       0 |      13 |   0.0 |   970
           D:3 |       0 |     115 |   0.0 |       0 |      15 |   0.0 |   874
           D:4 |       0 |     667 |   0.0 |       0 |      20 |   0.0 |  1043
           D:5 |       0 |     461 |   0.0 |       0 |      19 |   0.0 |  1018
           D:6 |       0 |    1232 |   0.0 |       0 |      22 |   0.0 |   954
           D:7 |       0 |     920 |   0.0 |       0 |      14 |   0.0 |   834
           D:8 |       0 |    4084 |   0.0 |       0 |      54 |   0.0 |  1230
           D:9 |       0 |    5557 |   0.0 |       0 |      28 |   0.0 |   675
               +---------+---------+-------+---------+---------+-------+---------
